 Dungeon Crawl Stone Soup version 0.13-a0-2606-g170388b (console) character file.

155 Chozo the Chopper (level 4, 0/36 HPs)
             Began as a Lava Orc Skald on Aug 4, 2013.
             Succumbed to an adder's poison
             ... on Level 2 of the Dungeon.
             The game lasted 00:03:38 (1448 turns).

Chozo the Chopper (Lava Orc Skald)                  Turns: 1448, Time: 00:03:38

HP   0/36        AC  7     Str 14      XL: 4   Next: 34%
MP   8/8         EV 10     Int 13      God:
Gold 64          SH  0     Dex 10      Spells:  2 memorised,  4 levels left

Res.Fire  : . . .   See Invis. : .   a - +0 orc hand axe {=f}
Res.Cold  : + . .   Warding    : .   b - +0 orc leather armour
Life Prot.: . . .   Conserve   : .   (no shield)
Res.Poison: .       Res.Corr.  : .   (no helmet)
Res.Elec. : .       Clarity    : .   (no cloak)
Sust.Abil.: . .     Spirit.Shd : .   i - +0 pair of gauntlets
Res.Mut.  : .       Stasis     : .   (no boots)
Res.Rott. : .       Flight     : .   (no amulet)
Saprovore : + . .                    (no ring)
                                     h - ring of ice

@: mildly poisoned, slow, slightly resistant to hostile enchantments, very
unstealthy
A: conserve scrolls, saprovore 1
a: no special abilities


You were on level 2 of the Dungeon.
You were not hungry.

You visited 1 branch of the dungeon, and saw 2 of its levels.

You collected 44 gold pieces.

Inventory:

Hand weapons
 a - a +0,+0 orcish hand axe (weapon) {=f}
Armour
 b - a +0 orcish leather armour (worn)
 i - a +0 pair of gauntlets (worn)
Comestibles
 d - a meat ration
 m - a choko
 n - 2 rotting chunks of gnoll flesh
 o - a chunk of quokka flesh
Scrolls
 e - a scroll of fear {unknown}
 f - 2 scrolls of identify {unknown}
 g - a scroll of noise {unknown}
 j - 2 scrolls of curse jewellery {unknown}
 k - 5 scrolls of teleportation {unknown}
 l - a scroll of amnesia {unknown}
Jewellery
 h - a ring of ice (left hand)
Books
 c - a book of Battle

   Spells                             Type                      Level
   *Infusion                          Charms                       1
   *Shroud of Golubria                Charms/Translocation         2
   Song of Slaying                    Charms                       2
   Spectral Weapon                    Hexes/Charms                 3
   Regeneration                       Charms/Necromancy            3
   Song of Shielding                  Charms                       4


   Skills:
 + Level 3.1 Fighting
 * Level 3.8 Axes
 + Level 2.1 Armour
 - Level 1.0 Dodging
 - Level 2.0 Spellcasting
 - Level 3.0 Charms


You had 4 spell levels left.
You knew the following spells:

 Your Spells              Type           Power        Failure   Level  Hunger
a - Infusion              Chrm           #.....       10%         1    ##.....
b - Shroud of Golubria    Chrm/Tloc      #.........   21%         2    ###....


Dungeon Overview and Level Annotations

Branches:
Dungeon (2/27)

Altars:


Innate Abilities, Weirdness & Mutations

You have stony skin.
You cover ground slowly.
Your flesh is heat resistant.
Your flesh is vulnerable to cold.
Your heat harms attackers.
You bathe your surroundings in blazing heat.
You are too hot to use scrolls.
You are very good at protecting items from fire.
You can tolerate rotten meat.


Message History

You feel sick.
You start resting.
* * * LOW HITPOINT WARNING * * *
You feel sick.
You start resting.
* * * LOW HITPOINT WARNING * * *
You feel sick.
You start resting.
* * * LOW HITPOINT WARNING * * *
You feel sick.
You feel a little better.
You start resting.
A hobgoblin comes into view. It is wielding a club.
You aren't carrying any potions.
You aren't carrying any potions.
The hobgoblin shouts!
The hobgoblin throws an elven dagger.
The elven dagger misses you.
You see here an elven dagger.
You see here an adder corpse.
You die...

#.........####.
................
##..#.......###
#..#.%.....# #..#....####
######..#....#
###...##..#....#
####..>..##).%[####
#......@..%....#
#.##...####....#####
#.##...####..#.#...#####
#......)................
#.##...##......#.....##.
...#######..g...###......
..# #....#.# ####... ..#
###..#.# #... #.#
#....#.# ####


There were no monsters in sight!

Vanquished Creatures
  3 gnolls (D:2)
  3 adders (D:2)
  5 goblins
  5 hobgoblins
  2 quokkas (D:2)
  3 bats
  4 giant cockroaches
  A giant newt (D:1)
  5 kobolds
  7 rats
38 creatures vanquished.

Notes
Turn   | Place    | Note
--------------------------------------------------------------
     0 | D:1      | Chozo, the Lava Orc Skald, began the quest for the Orb.
     0 | D:1      | Reached XP level 1. HP: 16/16 MP: 3/3
   229 | D:1      | Reached XP level 2. HP: 17/23 MP: 4/4
   250 | D:1      | Reached skill level 1 in Dodging
   265 | D:1      | Learned a level 2 spell: Shroud of Golubria
   980 | D:2      | Reached skill level 3 in Charms
   980 | D:2      | Reached XP level 3. HP: 13/29 MP: 1/6
  1219 | D:2      | Reached XP level 4. HP: 31/36 MP: 8/8
  1441 | D:2      | HP: 1/36 [poisoned by an adder]
  1448 | D:2      | Succumbed to an adder's poison

Action                   |  1- 3 |  4- 6 || total
-------------------------+-------+-------++-------
Melee: Hand axe          |    91 |    28 ||   119
 Cast: Infusion          |     5 |     1 ||     6
  Use: Potion            |     2 |       ||     2
